 Dungeon Crawl Stone Soup version 0.26.1-11-gd32895ea62 (webtiles) character file.

Game seed: 7772958987412928679

4175 Almogavar the Destroyer (level 10, -16/77 HPs)
             Began as a Green Draconian Conjurer on May 10, 2021.
             Was a Follower of Sif Muna.
             Killed from afar by a lindwurm (24 damage)
             ... with a blast of flame
             ... on level 8 of the Dungeon.
             The game lasted 00:41:34 (10837 turns).

Almogavar the Destroyer (Green Draconian Conjurer) Turns: 10837, Time: 00:41:34

Health: -16/77     AC: 10    Str: 10    XL:     10   Next: 8%
Magic:  0/21       EV: 13    Int: 27    God:    Sif Muna [*.....]
Gold:   485        SH:  0    Dex: 10    Spells: 17/23 levels left

rFire    . . .     SeeInvis .   t - +2 falchion (protect)
rCold    . . .     Faith    .   (no shield)
rNeg     . . .     Spirit   +   (armour unavailable)
rPois    +         Reflect  .   (helmet restricted)
rElec    .         Harm     .   b - +0 cloak
rCorr    .         Rampage  .   w - +0 pair of gloves
Will     .....                  c - +0 pair of boots
Stlth    ++........             m - amulet of guardian spirit
HPRegen  0.22/turn              a - +6 ring of intelligence
MPRegen  0.17/turn              (no ring)

@: no status effects
A: breathe noxious fumes, unfitting armour, poison resistance, cold-blooded, AC
+7
a: Breathe Noxious Fumes, Renounce Religion, Channel Magic


You were on level 8 of the Dungeon.
You worshipped Sif Muna.
Sif Muna was aware of your devotion.
You visited 2 branches of the dungeon, and saw 9 of its levels.
You also visited: Ossuary.

You collected 485 gold pieces.

Inventory:

Hand Weapons
 t - a +2 falchion of protection (weapon)
Armour
 b - a +0 cloak (worn)
 c - a +0 pair of boots (worn)
 w - a +0 pair of gloves (worn)
Jewellery
 a - a +6 ring of intelligence (left hand)
 m - an amulet of guardian spirit (around neck)
 D - an uncursed amulet of the acrobat
Wands
 n - a wand of random effects (16)
 q - a wand of iceblast (8)
 r - a wand of acid (3)
Scrolls
 d - 3 scrolls of amnesia
 g - 3 scrolls of fear
 j - 2 scrolls of enchant weapon {unknown}
 k - a scroll of fog
 l - 8 scrolls of teleportation
 o - 4 scrolls of remove curse
 p - a scroll of magic mapping
 u - 2 scrolls of enchant armour
 v - a scroll of random uselessness {unknown}
 y - a scroll of summoning {unknown}
Potions
 e - a potion of berserk rage {unknown}
 f - 4 potions of magic
 h - 3 potions of lignification
 i - 3 potions of curing
 s - a potion of heal wounds {unknown}
 x - 3 potions of brilliance
 z - a potion of cancellation
 A - a potion of haste
 B - 2 potions of resistance
 C - 2 potions of might {unknown}


   Skills:
 + Level 3.1 Fighting
 + Level 5.6 Long Blades
 + Level 4.2 Dodging
 + Level 4.5 Stealth
 + Level 7.4 Spellcasting
 + Level 9.5 Conjurations


You had 17 spell levels left.
You knew the following spells:

 Your Spells              Type           Power        Failure   Level
a - Magic Dart            Conj           100%         1%          1
b - Searing Ray           Conj           100%         1%          2
c - Dazzling Flash        Conj/Hex       70%          2%          3

Your spell library contained the following spells:

 Spells                   Type           Power        Failure   Level
 Conjure Flame            Conj/Fire      35%          2%          3
 Mephitic Cloud           Conj/Pois/Air  27%          4%          3
 Corona                   Hex            11%          5%          1
 Fulminant Prism          Conj/Hex       17%          8%          4
 Iskenderun's Mystic Bla  Conj/Tloc      35%          8%          4
 Blink                    Tloc           N/A          9%          2
 Call Imp                 Summ           10%          9%          2
 Slow                     Hex            10%          9%          2
 Inner Flame              Hex/Fire       10%          17%         3
 Portal Projectile        Hex/Tloc       20%          17%         3
 Cause Fear               Hex            5%           50%         4
 Leda's Liquefaction      Hex/Erth       5%           50%         4


Dungeon Overview and Level Annotations

Branches:
Dungeon (8/15)             Temple (1/1) D:5         Ossuary (visited)
   Lair: D:8-11

Altars:
Elyvilon
Fedhas
Gozag
Kikubaaqudgha
Makhleb
Qazlal
Ru
Sif Muna
Trog
Uskayaw
Vehumet
Yredelemnul


Innate Abilities, Weirdness & Mutations

You can breathe blasts of noxious fumes.
Your lurid green scales are hard. (AC +7)
You cannot fit into any form of body armour.
Your system is resistant to poisons. (rPois)
You are cold-blooded and may be slowed by cold attacks.


Message History

The searing ray hits the lindwurm!
The lindwurm is severely wounded.
You finish channeling your searing ray.
Casting: Searing Ray (safe; 1% risk of failure)
Confirm with . or Enter, or press ? or * to list all spells.
Aiming: Searing Ray (safe; 1% risk of failure)
Press: ? - help, Shift-Dir - straight line, f/p - lindwurm
Aim: a lindwurm (severely wounded, 8% to evade)
The searing ray hits the lindwurm.
The lindwurm is severely wounded. (Press . to maintain the ray.)
The lindwurm breathes flames at you. The blast of flame hits you!!
The lindwurm breathes flames at you. The blast of flame hits you!!
* * * LOW HITPOINT WARNING * * *
Unknown command.
The lindwurm breathes flames at you. The blast of flame hits you!!
You die...

####
#.##..≈§§≈≈.##?>
####..≈§§§≈.## :
#..§§§≈≈..#.[
##.§≈§≈§≈k.##
#.§≈§≈§§kk.#
#§..§§≈≈≈≈..
#.§.≈≈≈≈≈≈≈≈
##...≈§≈≈§§
#.@..≈≈§≈§≈
##.?..§§§§§
##....§.§≈
###..(... ####..
.


You could see 3 lindwurms.

Vanquished Creatures
  A two-headed ogre (D:8)
  Pikel (D:4)
  Sigmund (D:2)
  Eustachio (D:6)
  Menkaure (Ossuary)
  Edmund (D:4)
  Duvessa (D:5)
  A necrophage (D:6)
  A black bear (D:6)
  An orc warrior (D:7)
  3 ogres
  A centaur (D:4)
  2 lemures (D:4)
  Blork the orc (D:4)
  2 bullfrogs
  An elf zombie (D:5)
  2 elf skeletons (D:5)
  Dowan (D:5)
  2 scorpions
  A howler monkey (D:4)
  A quasit (D:8)
  A human zombie (D:5)
  6 hounds
  2 jellies
  An orc priest (D:7)
  2 bullfrog skeletons
  7 orc wizards
  Ijyb (D:4)
  Terence (D:2)
  3 iguanas
  Natasha (D:1)
  A human skeleton (D:5)
  5 worker ants
  A killer bee zombie (D:8)
  A hound skeleton (D:8)
  3 mummies (Ossuary)
  16 adders
  2 shadow imps
  2 white imps
  4 ufetubi
  2 oozes
  4 adder skeletons
  5 worms
  3 dart slugs
  8 leopard geckos
  28 orcs
  5 ball pythons
  3 giant cockroaches
  6 gnoll zombies (Ossuary)
  7 goblins
  7 hobgoblins
  5 jackals
  6 kobolds
  5 bats
  3 frilled lizards
  A giant cockroach zombie (D:6)
  6 gnoll skeletons (Ossuary)
  5 goblin skeletons (Ossuary)
  3 goblin zombies (Ossuary)
  4 hobgoblin skeletons (Ossuary)
  3 hobgoblin zombies (Ossuary)
  6 kobold skeletons (Ossuary)
  6 kobold zombies (Ossuary)
  4 orc skeletons
  4 orc zombies (Ossuary)
  A quokka skeleton (D:5)
  9 rats
  A rat skeleton (Ossuary)
  2 rat zombies (Ossuary)
239 creatures vanquished.

Vanquished Creatures (others)
  A goblin zombie (Ossuary)
  7 plants (D:3)
8 creatures vanquished.

Grand Total: 247 creatures vanquished

Notes
Turn   | Place    | Note
-------+----------+-------------------------------------------
     0 | D:1      | Almogavar the Draconian Conjurer began the quest for the
                  | Orb.
     0 | D:1      | Reached XP level 1. HP: 14/14 MP: 3/3
   540 | D:1      | Reached XP level 2. HP: 20/20 MP: 0/5
   640 | D:1      | Learned a level 2 spell: Searing Ray
   953 | D:1      | Reached XP level 3. HP: 26/26 MP: 0/6
  1317 | D:2      | Noticed Sigmund
  1332 | D:2      | Noticed Natasha
  1352 | D:1      | Killed Natasha
  1353 | D:1      | Reached skill level 5 in Conjurations
  1580 | D:2      | Reached XP level 4. HP: 33/33 MP: 0/7
  2093 | D:2      | Found a hide-covered altar of Uskayaw.
  2242 | D:2      | Killed Sigmund
  2243 | D:2      | Reached skill level 6 in Conjurations
  2243 | D:2      | Reached XP level 5. HP: 26/38 MP: 0/9
  2243 | D:2      | Reached XP level 6. HP: 31/45 MP: 0/10
  2350 | D:2      | Learned a level 3 spell: Dazzling Flash
  2422 | D:2      | Noticed Terence
  2435 | D:2      | Killed Terence
  3720 | D:3      | Found a stormy altar of Qazlal.
  4326 | D:3      | Found an opulent altar of Gozag.
  4482 | D:4      | Noticed Ijyb
  4523 | D:4      | Killed Ijyb
  4694 | D:4      | Your scales start taking on a lurid green colour.
  4694 | D:4      | Reached XP level 7. HP: 50/50 MP: 8/12
  4694 | D:4      | Gained mutation: Your system is resistant to poisons.
                  | (rPois) [Green Draconian growth]
  4715 | D:4      | Noticed Edmund
  4721 | D:4      | Killed Edmund
  4722 | D:4      | Reached skill level 7 in Conjurations
  4736 | D:4      | Noticed Blork the orc
  4876 | D:4      | Noticed Pikel
  5075 | D:4      | You fall into a shaft and drop 3 floors!
  5393 | D:7      | Reached skill level 8 in Conjurations
  5393 | D:7      | Reached XP level 8. HP: 58/58 MP: 9/15
  5569 | D:6      | Found an ancient bone altar of Kikubaaqudgha.
  5581 | D:6      | Reached skill level 5 in Spellcasting
  5655 | D:5      | Entered Level 5 of the Dungeon
  5716 | D:5      | Found a staircase to the Ecumenical Temple.
  5813 | D:5      | Found a sand-covered staircase.
  5837 | Ossuary  | Entered an ossuary
  6246 | Ossuary  | Reached skill level 1 in Long Blades
  6296 | Ossuary  | Reached skill level 1 in Fighting
  6407 | Ossuary  | Noticed Menkaure
  6411 | Ossuary  | Killed Menkaure
  6826 | Temple   | Entered the Ecumenical Temple
  6893 | Temple   | Became a worshipper of Sif Muna the Loreminder
  6935 | D:5      | Noticed Duvessa
  6936 | D:5      | Noticed Dowan
  6940 | D:5      | Killed Duvessa
  6942 | D:5      | Killed Dowan
  8134 | D:4      | Killed Blork the orc
  8135 | D:4      | Reached XP level 9. HP: 61/67 MP: 8/18
  8278 | D:4      | Killed Pikel
  8507 | D:4      | Found a bloodstained altar of Trog.
  8992 | D:6      | Noticed Eustachio
  8999 | D:6      | Killed Eustachio
  9000 | D:6      | Reached skill level 9 in Conjurations
  9052 | D:6      | Reached * piety under Sif Muna
  9888 | D:7      | Reached skill level 5 in Long Blades
 10184 | D:8      | Found a white marble altar of Elyvilon.
 10216 | D:8      | Noticed a lindwurm
 10672 | D:8      | Noticed a two-headed ogre
 10687 | D:8      | Killed a two-headed ogre
 10688 | D:8      | Reached XP level 10. HP: 70/77 MP: 9/21
 10829 | D:8      | Noticed a lindwurm
 10830 | D:8      | Noticed a lindwurm
 10833 | D:8      | Noticed a lindwurm
 10837 | D:8      | Killed from afar by a lindwurm

Illustrated notes

Levels and vault maps discovered:
D:1:      saegor_arrival_simple_c, layout_loops_ring, minmay_quantized
D:2:      layout_basic, overflow_temple_1_default, minmay_pentomino_u4,
          uniq_natasha, uniq_sigmund, uniq_terence
D:3:      wad_lake_hut, layout_loops_ring, grunt_gozag_breadcrumbs,
          lemuel_round_altar
D:4:      layout_basic, trog_book, uniq_blork_the_orc, uniq_ijyb, uniq_edmund,
          uniq_pikel
D:5:      layout_layer_cave, minmay_temple_entry_waves, gup_sewer_entry_glass,
          nicolae_ossuary_entry_catacombs, uniq_duvessa
D:6:      layout_gridville, kiku_gazebo_pond_becter, uniq_eustachio
D:7:      layout_gridville, minmay_a_box_with_orc_wizards_in_it
D:8:      layout_rooms, elyvilon_altar_5, gammafunk_temple_overflow_pools,
          minmay_lindwurm_lava
Temple:   dpeg_chambers_temple

Skill      XL: |  1  2  3  4  5  6  7  8  9 |
---------------+----------------------------+-----
Stealth        | 2 3 4 |  4.5
Dodging        | 2 3 4 |  4.2
Conjurations   | 5 6 8 9 |  9.5
Spellcasting   | 3 4 6 7 |  7.4
Long Blades    | 3 5 |  5.6
Fighting       | 1 3 |  3.1

Action                   |  1- 3 |  4- 6 |  7- 9 | 10-12 || total
-------------------------+-------+-------+-------+-------++-------
Melee: Unarmed           |     6 |       |       |       ||     6
       Falchion          |       |     2 |   138 |       ||   140
       Dagger            |       |     1 |       |       ||     1
       Tailslap          |       |       |    19 |       ||    19
 Cast: Magic Dart        |    48 |    77 |   133 |     2 ||   260
       Searing Ray       |     2 |    22 |    82 |     2 ||   108
 Abil: Breathe Noxious F |       |       |     1 |       ||     1
  Use: Scroll            |     1 |     8 |    11 |       ||    20
 Stab: Sleeping          |       |       |     1 |       ||     1
Armor: Skin              |     4 |     6 |    67 |       ||    77
Dodge: Dodged            |     9 |     8 |    77 |       ||    94
       Rpst.: Falchion   |       |       |    20 |       ||    20
